 Dungeon Crawl Stone Soup version 0.31-a0-940-gdaa99269f9 (webtiles) character file.

Game seed: 10166063663167536238

69 protoss039 the Digger (level 4, 33/33 HPs)
             Began as a Demonspawn Earth Elementalist on Oct 20, 2023.
             Got out of the dungeon alive.
             The game lasted 00:03:36 (2555 turns).

protoss039 the Digger (DsEE)                        Turns: 2555, Time: 00:03:37

Health: 33/33      AC:  5    Str:  9    XL:     4   Next: 2%
Magic:  8/8        EV: 17    Int: 18    God:
Gold:   92         SH:  0    Dex: 13    Spells: 5/8 levels left

rFire   . . .        b - +0 whip (elec)
rCold   . . .        (no shield)
rNeg    . . .        a - +0 robe
rPois   .            c - +1 helmet
rElec   .            d - +0 cloak
rCorr   .            (no gloves)
SInv    .            (no boots)
Will    .....        o - amulet of the acrobat
Stlth   ++           k - +5 ring of evasion
HPRegen 0.25/turn    (no ring)
MPRegen 0.11/turn

%: acrobat
@: no status effects
A: hooves 1, spiny 1
a: no special abilities


You escaped.
You visited 1 branch of the dungeon, and saw 3 of its levels.

You collected 92 gold pieces.

Inventory:

Hand Weapons
 b - a +0 whip of electrocution (weapon)
Armour
 a - a +0 robe (worn)
 c - a +1 helmet (worn)
 d - a +0 cloak (worn)
Jewellery
 k - a +5 ring of evasion (left hand)
 o - an amulet of the acrobat (around neck)
Scrolls
 f - a scroll of poison {unknown}
 g - a scroll of identify {unknown}
 h - a scroll of fear {unknown}
 j - 4 scrolls of immolation {unknown}
 m - a scroll of amnesia {unknown}
 n - a scroll of teleportation {unknown}
 q - a scroll of silence {unknown}
Potions
 l - a potion of enlightenment {unknown}
 p - a potion of mutation {unknown}


   Skills:
 + Level 2.0 Fighting
 - Level 1.7 Dodging
 - Level 1.7 Stealth
 + Level 2.7 Spellcasting
 - Level 0.8 Transmutations
 + Level 3.3 Earth Magic


You had 5 spell levels left.
You knew the following spells:

 Your Spells              Type           Power      Damage    Failure   Level
a - Sandblast             Erth           28%        2d8       4%          1
b - Passwall              Tmut/Erth      8%         N/A       11%         2

Your spell library contained the following spells:

 Spells                   Type           Power      Damage    Failure   Level
 Ensorcelled Hibernation  Hex/Ice        4%         N/A       26%         2
 Stone Arrow              Conj/Erth      16%        3d8       26%         3
 Swiftness                Air            2%         N/A       45%         3
 Petrify                  Tmut/Erth      10%        N/A       56%         4
 Brom's Barrelling Bould  Conj/Erth      8%         2d3       63%         4


Dungeon Overview and Level Annotations

Branches:
Dungeon (3/15) Zot: 15411

Altars:

Shops:
D:1 (

Annotations:
D:2 exclusion: downstairs


Innate Abilities, Weirdness & Mutations

You have large cloven feet.
You are partially covered in sharp spines.


Message History

The blast of sand hits the orc.
The orc is moderately wounded.
The orc shouts!
You hear a shout!
Unknown command.
Casting: Sandblast (safe; 4% risk of failure)
Confirm with . or Enter, or press ? or * to list all spells.
Aiming: Sandblast (safe; 4% risk of failure)
Press: ? - help, Shift-Dir - straight line, f/p - orc
Aim: an orc, wielding a +0 dagger and wearing a +0 leather armour (moderately wounded, 82% to hit)
The blast of sand hits the orc but does no damage.
The orc is moderately wounded.
Unknown command.
Unknown command.
Casting: Sandblast (safe; 4% risk of failure)
Confirm with . or Enter, or press ? or * to list all spells.
Aiming: Sandblast (safe; 4% risk of failure)
Press: ? - help, Shift-Dir - straight line, f/p - orc
Aim: an orc, wielding a +0 dagger and wearing a +0 leather armour (moderately wounded, 82% to hit)
The blast of sand hits the orc.
You kill the orc!
You have reached level 4!
You feel stronger.
Your demonic ancestry asserts itself...
Sharp spines emerge from parts of your body.
Unknown command.
Things that are here:
a +0 dagger; a +0 leather armour; an orc corpse
There is a stone staircase leading up here.
You climb upwards.
Level annotation: exclusion: downstairs
There is a stone staircase leading down here.
What level of the Dungeon? (default 3, ? - help)
There is a stone staircase leading up here.
You climb upwards.
There is a stone staircase leading down here.
Magic restored.
There is an open door here.
There is a dry fountain here.
You see here 3 boomerangs.
There is a staircase leading out of the dungeon here.
You have escaped!

#.## #.# #.###.# ##.....##
########### #.###.# ##...##
###.........####....# ##+##
...............##.### ##.####
.....⌠...⌠......'.# #.....#
..⌠.........⌠...### #..##.#
.......≈.........# ##...#.#
.⌠...........⌠..(# ####......#
....≈.....≈.....@# ###..........
.⌠....(......⌠...####.......†##.#
.......≈.........#......##......#
..⌠.........⌠...#####.####.#.####
.....⌠...⌠.......# #......#.#
...............### ########.#
###.........#### #.# ###########
#.# ######## #.#


There were no monsters in sight!

Vanquished Creatures
  Robin (D:2)
  An adder (D:2)
  2 worms (D:2)
  An orc (D:3)
  8 endoplasms
  A giant cockroach (D:1)
  6 goblins
  4 hobgoblins
  4 quokkas
  3 ball pythons (D:1)
  A bat (D:2)
  A frilled lizard (D:1)
  3 kobolds
  6 rats
42 creatures vanquished.

Notes
Turn   | Place    | Note
-------+----------+-------------------------------------------
     0 | D:1      | protoss039 the Demonspawn Earth Elementalist began the
                  | quest for the Orb.
     0 | D:1      | Reached XP level 1. HP: 13/13 MP: 3/3
   333 | D:1      | Found Paepsoh's Weapon Shoppe.
   476 | D:1      | Gained mutation: You have large cloven feet. [demonic
                  | ancestry]
   476 | D:1      | Reached XP level 2. HP: 20/20 MP: 3/5
   715 | D:1      | Reached skill level 1 in Fighting
   792 | D:1      | Reached skill level 3 in Earth Magic
  1178 | D:1      | Learned a level 2 spell: Passwall
  1237 | D:2      | Reached XP level 3. HP: 26/26 MP: 3/6
  2251 | D:2      | Noticed Robin
  2270 | D:2      | Killed Robin
  2271 | D:2      | HP: 1/27 [hobgoblin[Robin] (5)]
  2482 | D:3      | Gained mutation: You are partially covered in sharp spines.
                  | [demonic ancestry]
  2482 | D:3      | Reached XP level 4. HP: 33/33 MP: 4/8
  2555 | D:$      | Got out of the dungeon alive.

Illustrated notes

Levels and vault maps discovered:
D:1:      dpeg_arrival_stone_temple_mockup, layout_loops_corners, serial_shops,
          shop
D:2:      layout_loops_corners, uniq_robin
D:3:      layout_rooms, serial_bayou_pond_e

Skill      XL: |  1  2  3 |
---------------+----------+-----
Fighting       | 1 2 |  2.0
Earth Magic    | 3 |  3.3
Dodging        | |  1.7
Stealth        | |  1.7
Spellcasting   | |  2.7
Transmutations | |  0.8

Action                     |  1- 3 |  4- 6 || total
---------------------------+-------+-------++-------
  Melee: Dagger            |    14 |       ||    14
         Kick              |     6 |       ||     6
         Punch             |     1 |       ||     1
   Cast: Sandblast         |    70 |       ||    70
    Use: Potion            |     2 |       ||     2
 Armour: Robe              |    19 |       ||    19
  Dodge: Dodged            |    39 |       ||    39

Table legend: (Time is in decaauts)
 A = Elapsed time spent in this place.
 B = Non-inter-level travel time spent in this place.
 C = Inter-level travel time spent in this place.
 D = Time resting spent in this place.
 E = Time spent auto-exploring this place.
 F = Levels seen in this place.
 G = Mean time per level.
                   A        B        C        D        E       F      G
               +--------+--------+--------+--------+--------+-----+--------+
         Total |   2588 |   2428 |    160 |     17 |   2099 |   3 |  862.7 |
       Dungeon |   2588 |   2428 |    160 |     17 |   2099 |   3 |  862.7 |
               +--------+--------+--------+--------+--------+-----+--------+

Top non-repeatable levels by time:
     D:1: 1277 daAuts
     D:2: 1271 daAuts
     D:3: 39 daAuts
